[ AOE2 MATCH · #495306930 ]
UnrankedTeutons vs Saracens
Player's team · LOSS
Rival team · WIN
[ REPLAY ANALYSIS · EXTRACTED FROM THE RECORDED GAME ]
Feudal
8:59
Castle
18:45
Imperial
—
| APM avg | 47.8 |
| APM peak | 85 |
| eAPM avg | 19.7 |
| Villagers / military | 61 / 35 |
Focus
⚔️ 29.8% · 🌾 70.2%
Knight ×24 · Scout Cavalry ×5 · Mangonel ×4 · Monk ×1 · Scorpion ×1
Feudal
8:55
Castle
18:36
Imperial
—
| APM avg | 90.0 |
| APM peak | 164 |
| eAPM avg | 28.5 |
| Villagers / military | 73 / 39 |
Focus
⚔️ 41.8% · 🌾 58.2%
Archer ×31 · Mangonel ×4 · Monk ×3 · Spearman ×1
Match map
Initial resources + every placement click. Lines = walls · curves = elevation contours. ◆ gold · ⬟ stone · ● berries · ✦ relic · ◌ wall gap
Your base· Open — opponent sealed themselves in
Carbo's base· ✓ Closed at 18:36 · 85t walls · 1 gate(s)
Smoothed initial terrain · ◌ = detected wall gap · hover for details
Inputs per minute
— SneakySalmon - - Carbo
Build order — SneakySalmon
First 150 of 175 actions detected
| 0:01 | Create | Villager (Male) |
| 0:01 | Create | Villager (Male) |
| 0:01 | Create | Villager (Male) |
| 0:01 | Create | Villager (Male) |
| 0:02 | Create | Villager (Male) |
| 0:02 | Build | House |
| 0:04 | Build | House |
| 1:26 | Create | Villager (Male) |
| 1:26 | Create | Villager (Male) |
| 1:54 | Build | Lumber Camp |
| 2:03 | Create | Villager (Male) |
| 2:03 | Create | Villager (Male) |
| 2:27 | Create | Villager (Male) |
| 2:47 | Create | Villager (Male) |
| 3:03 | Build | House |
| 3:06 | Build | Palisade Wall |
| 3:16 | Create | Villager (Male) |
| 3:43 | Create | Villager (Male) |
| 3:57 | Create | Villager (Male) |
| 4:22 | Build | Mill |
| 4:34 | Create | Villager (Male) |
| 4:34 | Create | Villager (Male) |
| 4:47 | Create | Villager (Male) |
| 5:35 | Create | Villager (Male) |
| 6:01 | Create | Villager (Male) |
| 6:05 | Research | Loom |
| 6:12 | Build | House |
| 6:49 | Research | Feudal Age |
| 6:49 | Research | Feudal Age |
| 7:13 | Build | Lumber Camp |
| 8:16 | Create | Villager (Male) |
| 8:20 | Build | Barracks |
| 8:59 | Age | Feudal Age |
| 9:16 | Build | Stable |
| 9:18 | Create | Villager (Male) |
| 9:21 | Research | Double-Bit Axe |
| 9:31 | Build | House |
| 9:37 | Create | Villager (Male) |
| 9:48 | Research | Horse Collar |
| 9:54 | Build | Palisade Wall |
| 10:02 | Create | Scout Cavalry |
| 10:02 | Create | Scout Cavalry |
| 10:07 | Create | Villager (Male) |
| 10:14 | Build | House |
| 10:18 | Build | House |
| 10:22 | Build | Farm |
| 10:28 | Create | Villager (Male) |
| 10:31 | Build | Farm |
| 10:33 | Build | Farm |
| 10:41 | Build | House |
| 10:43 | Build | House |
| 10:47 | Build | Palisade Wall |
| 10:49 | Build | Palisade Wall |
| 10:58 | Build | Farm |
| 11:00 | Create | Villager (Male) |
| 11:07 | Build | House |
| 11:15 | Build | Farm |
| 11:15 | Create | Scout Cavalry |
| 11:18 | Build | Farm |
| 11:28 | Create | Villager (Male) |
| 11:36 | Build | House |
| 11:42 | Build | Farm |
| 11:55 | Create | Villager (Male) |
| 12:05 | Create | Villager (Male) |
| 12:20 | Create | Villager (Male) |
| 12:33 | Build | Watch Tower |
| 12:34 | Build | Mining Camp |
| 12:36 | Create | Villager (Male) |
| 12:52 | Create | Villager (Male) |
| 13:07 | Create | Villager (Male) |
| 13:31 | Build | Farm |
| 13:39 | Build | Blacksmith |
| 13:47 | Research | Wheelbarrow |
| 13:51 | Build | Farm |
| 13:54 | Build | Farm |
| 14:28 | Build | Farm |
| 14:32 | Build | Farm |
| 15:14 | Create | Villager (Male) |
| 15:55 | Build | Farm |
| 16:05 | Research | Castle Age |
| 16:05 | Research | Castle Age |
| 16:33 | Build | Farm |
| 16:35 | Build | Farm |
| 17:08 | Build | Stable |
| 17:10 | Research | Scale Barding Armor |
| 18:09 | Build | House |
| 18:20 | Build | House |
| 18:25 | Build | House |
| 18:32 | Build | House |
| 18:33 | Build | House |
| 18:35 | Build | House |
| 18:38 | Build | House |
| 18:40 | Build | House |
| 18:42 | Build | House |
| 18:45 | Age | Castle Age |
| 18:47 | Create | Knight |
| 18:48 | Create | Knight |
| 18:48 | Create | Knight |
| 18:49 | Create | Villager (Male) |
| 19:08 | Build | House |
| 19:14 | Create | Knight |
| 19:14 | Create | Knight |
| 19:15 | Create | Villager (Male) |
| 19:15 | Create | Villager (Male) |
| 19:26 | Build | Siege Workshop |
| 19:43 | Create | Knight |
| 19:43 | Create | Knight |
| 19:44 | Create | Villager (Male) |
| 19:49 | Create | Villager (Male) |
| 19:57 | Create | Villager (Male) |
| 20:15 | Create | Scorpion |
| 20:35 | Create | Villager (Male) |
| 20:36 | Create | Villager (Male) |
| 20:55 | Create | Mangonel |
| 21:01 | Create | Knight |
| 21:37 | Create | Villager (Male) |
| 21:37 | Create | Villager (Male) |
| 22:12 | Create | Villager (Male) |
| 22:13 | Create | Mangonel |
| 22:20 | Create | Villager (Male) |
| 22:48 | Build | House |
| 22:49 | Build | House |
| 23:00 | Build | Monastery |
| 23:17 | Create | Villager (Male) |
| 23:23 | Research | Bow Saw |
| 23:24 | Research | Bow Saw |
| 23:45 | Create | Villager (Male) |
| 23:52 | Create | Mangonel |
| 23:57 | Create | Monk |
| 24:21 | Create | Villager (Male) |
| 24:21 | Create | Villager (Male) |
| 24:34 | Create | Mangonel |
| 24:38 | Create | Knight |
| 24:41 | Research | Bloodlines |
| 24:42 | Build | House |
| 25:12 | Create | Villager (Male) |
| 25:12 | Create | Villager (Male) |
| 25:13 | Create | Knight |
| 25:13 | Create | Knight |
| 25:40 | Create | Villager (Male) |
| 25:40 | Create | Villager (Male) |
| 25:54 | Create | Villager (Male) |
| 25:57 | Build | Siege Workshop |
| 26:18 | Create | Knight |
| 26:18 | Create | Knight |
| 26:20 | Build | Farm |
| 26:20 | Build | Farm |
| 26:21 | Build | Farm |
| 26:21 | Build | Farm |
| 26:21 | Build | Farm |
Build order — Carbo
First 150 of 211 actions detected
| 0:00 | Create | Villager (Male) |
| 0:00 | Create | Villager (Male) |
| 0:00 | Create | Villager (Male) |
| 0:01 | Build | House |
| 0:02 | Build | House |
| 0:05 | Create | Villager (Male) |
| 1:24 | Create | Villager (Male) |
| 1:24 | Create | Villager (Male) |
| 1:52 | Build | Lumber Camp |
| 1:57 | Create | Villager (Male) |
| 1:57 | Create | Villager (Male) |
| 2:15 | Create | Villager (Male) |
| 2:44 | Create | Villager (Male) |
| 3:05 | Create | Villager (Male) |
| 3:43 | Create | Villager (Male) |
| 3:43 | Create | Villager (Male) |
| 3:49 | Build | House |
| 3:57 | Build | House |
| 3:58 | Build | House |
| 4:06 | Create | Villager (Male) |
| 4:07 | Create | Villager (Male) |
| 4:30 | Create | Villager (Male) |
| 4:30 | Create | Villager (Male) |
| 4:40 | Build | Palisade Wall |
| 4:50 | Create | Villager (Male) |
| 4:50 | Create | Villager (Male) |
| 4:50 | Create | Villager (Male) |
| 5:05 | Build | Mill |
| 5:09 | Build | Palisade Wall |
| 5:10 | Build | Palisade Wall |
| 5:34 | Research | Loom |
| 6:35 | Build | Palisade Wall |
| 6:45 | Research | Feudal Age |
| 6:45 | Research | Feudal Age |
| 7:29 | Build | Palisade Wall |
| 7:47 | Build | Palisade Wall |
| 8:16 | Build | Barracks |
| 8:21 | Build | House |
| 8:38 | Build | Palisade Wall |
| 8:47 | Create | Villager (Male) |
| 8:55 | Age | Feudal Age |
| 9:14 | Create | Villager (Male) |
| 9:21 | Build | Archery Range |
| 9:33 | Build | Palisade Wall |
| 9:35 | Create | Spearman |
| 9:37 | Research | Double-Bit Axe |
| 9:37 | Research | Double-Bit Axe |
| 9:38 | Create | Villager (Male) |
| 9:43 | Build | Palisade Wall |
| 9:50 | Build | Palisade Wall |
| 9:54 | Create | Villager (Male) |
| 10:04 | Create | Archer |
| 10:12 | Build | House |
| 10:15 | Create | Villager (Male) |
| 10:33 | Build | Mining Camp |
| 10:40 | Build | Palisade Wall |
| 10:53 | Create | Villager (Male) |
| 10:56 | Create | Archer |
| 11:09 | Build | Palisade Wall |
| 11:16 | Create | Villager (Male) |
| 11:23 | Build | Palisade Wall |
| 11:31 | Build | House |
| 11:34 | Build | House |
| 11:39 | Create | Villager (Male) |
| 11:42 | Build | Farm |
| 11:43 | Build | Farm |
| 11:44 | Create | Archer |
| 11:47 | Create | Villager (Male) |
| 12:01 | Create | Archer |
| 12:10 | Build | Farm |
| 12:16 | Create | Villager (Male) |
| 12:28 | Build | House |
| 12:32 | Create | Villager (Male) |
| 12:57 | Build | Market |
| 13:00 | Build | House |
| 13:04 | Create | Archer |
| 13:09 | Create | Villager (Male) |
| 13:18 | Build | Farm |
| 13:27 | Create | Villager (Male) |
| 13:36 | Build | Farm |
| 13:40 | Create | Villager (Male) |
| 13:55 | Create | Villager (Male) |
| 13:56 | Build | Farm |
| 14:05 | Create | Archer |
| 14:09 | Build | House |
| 14:10 | Build | Palisade Wall |
| 14:40 | Create | Archer |
| 14:44 | Build | Farm |
| 14:48 | Create | Archer |
| 14:59 | Create | Villager (Male) |
| 15:15 | Build | Blacksmith |
| 15:30 | Build | Palisade Gate |
| 15:35 | Build | House |
| 15:56 | Research | Castle Age |
| 15:56 | Research | Castle Age |
| 16:14 | Create | Archer |
| 16:27 | Research | Fletching |
| 16:27 | Research | Fletching |
| 16:30 | Create | Archer |
| 16:43 | Research | Gold Mining |
| 16:43 | Research | Gold Mining |
| 17:29 | Create | Archer |
| 17:49 | Build | Palisade Wall |
| 18:36 | Age | Castle Age |
| 18:39 | Research | Crossbowman (upgrade) |
| 18:40 | Research | Bodkin Arrow |
| 18:46 | Build | Lumber Camp |
| 18:48 | Create | Archer |
| 18:53 | Build | Farm |
| 19:35 | Create | Villager (Male) |
| 19:36 | Create | Archer |
| 19:42 | Build | Town Center |
| 19:58 | Create | Archer |
| 20:00 | Create | Villager (Male) |
| 20:02 | Build | Monastery |
| 20:23 | Create | Villager (Male) |
| 20:23 | Create | Villager (Male) |
| 20:44 | Create | Villager (Male) |
| 20:46 | Build | House |
| 20:50 | Create | Monk |
| 20:53 | Build | Farm |
| 20:54 | Build | Farm |
| 20:55 | Build | Farm |
| 20:56 | Build | Farm |
| 20:58 | Create | Archer |
| 21:02 | Create | Villager (Male) |
| 21:02 | Create | Villager (Male) |
| 21:11 | Create | Villager (Male) |
| 21:12 | Create | Villager (Male) |
| 21:54 | Create | Villager (Male) |
| 21:56 | Build | House |
| 21:57 | Build | House |
| 21:58 | Create | Monk |
| 22:04 | Create | Villager (Male) |
| 22:05 | Build | Farm |
| 22:08 | Create | Villager (Male) |
| 22:12 | Build | Farm |
| 22:13 | Build | Farm |
| 22:15 | Build | Farm |
| 22:18 | Build | Lumber Camp |
| 22:22 | Research | Horse Collar |
| 22:26 | Create | Villager (Male) |
| 22:32 | Create | Villager (Male) |
| 22:46 | Create | Archer |
| 22:46 | Create | Archer |
| 22:50 | Create | Villager (Male) |
| 22:51 | Build | Farm |
| 22:51 | Build | Farm |
| 22:52 | Build | Farm |
| 22:54 | Create | Villager (Male) |
Match timeline
| 3:06 | SneakySalmon · wall_segment Palisade Wall x2 |
| 4:40 | Carbo · wall_segment Palisade Wall x5 |
| 5:09 | Carbo · wall_segment Palisade Wall x2 |
| 5:10 | Carbo · wall_segment Palisade Wall x6 |
| 6:35 | Carbo · wall_segment Palisade Wall x6 |
| 7:29 | Carbo · wall_segment Palisade Wall x10 |
| 7:47 | Carbo · wall_segment Palisade Wall x6 |
| 8:16 | Carbo · first_building Barracks |
| 8:20 | SneakySalmon · first_building Barracks |
| 8:38 | Carbo · wall_segment Palisade Wall x5 |
| 8:55 | Carbo · age_up feudal |
| 8:59 | SneakySalmon · age_up feudal |
| 9:16 | SneakySalmon · first_building Stable |
| 9:21 | Carbo · first_building Archery Range |
| 9:33 | Carbo · wall_segment Palisade Wall x14 |
| 9:43 | Carbo · wall_segment Palisade Wall x6 |
| 9:50 | Carbo · wall_segment Palisade Wall x6 |
| 9:54 | SneakySalmon · wall_segment Palisade Wall x1 |
| 10:40 | Carbo · wall_segment Palisade Wall x9 |
| 10:47 | SneakySalmon · wall_segment Palisade Wall x1 |
| 10:49 | SneakySalmon · wall_segment Palisade Wall x1 |
| 11:09 | Carbo · wall_segment Palisade Wall x6 |
| 11:23 | Carbo · wall_segment Palisade Wall x6 |
| 14:06 | Carbo · first_market_sell 100 stone |
| 14:07 | Carbo · first_market_buy 100 food |
| 14:10 | Carbo · wall_segment Palisade Wall x1 |
| 17:49 | Carbo · wall_segment Palisade Wall x16 |
| 18:36 | Carbo · age_up castle |
| 18:45 | SneakySalmon · age_up castle |
| 19:26 | SneakySalmon · first_building Siege Workshop |
| 20:02 | Carbo · first_building Monastery |
| 23:00 | SneakySalmon · first_building Monastery |
| 24:26 | Carbo · first_building Stable |
| 24:30 | Carbo · first_building Siege Workshop |
| 29:13 | SneakySalmon · resign |
[ AI ANALYSIS · 1 CREDIT ]
What really happened in this match?
Wolo.gg analyzes every decision: build order, eco, micro, common mistakes by bracket. Personalized analysis on WhatsApp or Discord in 30 seconds.
Civ guide
Teutons
Perfil
SneakySalmon